 Dungeon Crawl Stone Soup version 0.27.0-1-g7a089689b8 (webtiles) character file.

Game seed: 928853938248024849

123 Sin92 the Skirmisher (level 4, -13/36 HPs)
             Began as a Demonspawn Fighter on Aug 11, 2021.
             Killed by divine providence
             ... invoked by an orc priest
              (17 damage)
             ... on level 3 of the Dungeon.
             The game lasted 00:02:12 (2582 turns).

Sin92 the Skirmisher (Demonspawn Fighter)           Turns: 2582, Time: 00:02:13

Health: -13/36     AC: 16    Str: 17    XL:     4   Next: 80%
Magic:  4/4        EV:  5    Int:  9    God:
Gold:   123        SH:  9    Dex: 13    Spells: 3/3 levels left

rFire    + . .     SeeInvis .   a - +0 war axe
rCold    . . .     Faith    .   c - +0 kite shield
rNeg     . . .     Spirit   .   o - +4 chain mail
rPois    .         Reflect  .   (no helmet)
rElec    .         Harm     .   m - +0 cloak
rCorr    .         Rampage  .   (no gloves)
Will     .....                  (no boots)
Stlth    ..........             (no amulet)
HPRegen  0.12/turn              g - ring of protection from fire
MPRegen  0.09/turn              (no ring)

@: mighty
A: thin metallic scales 1, demonic magic 1
a: no special abilities


You were on level 3 of the Dungeon.
You visited 1 branch of the dungeon, and saw 3 of its levels.

You collected 123 gold pieces.

Inventory:

Hand Weapons
 a - a +0 war axe (weapon)
Armour
 b - a +0 scale mail
 c - a +0 kite shield (worn)
 m - a +0 cloak (worn)
 o - a +4 chain mail (worn)
Jewellery
 g - a ring of protection from fire (left hand)
Scrolls
 f - 3 scrolls of identify {unknown}
 h - a scroll of teleportation {unknown}
 i - a scroll of noise {unknown}
 k - a scroll of amnesia {unknown}
Potions
 e - a potion of lignification {unknown}
 j - a potion of degeneration {unknown}
 l - a potion of flight {unknown}
 n - a potion of ambrosia {unknown}


   Skills:
 + Level 3.6 Fighting
 * Level 3.0 Axes
 + Level 3.1 Armour
 + Level 1.3 Dodging
 + Level 3.2 Shields


You had 3 spell levels left.
You didn't know any spells.
Your spell library was empty.

Dungeon Overview and Level Annotations

Branches:
Dungeon (3/15)

Altars:
Dithmenos

Shops:
D:3 *:


Innate Abilities, Weirdness & Mutations

You are partially covered in thin metallic scales. (AC +2)
Spells you cast may paralyse adjacent enemies.


Message History

Unknown command.
There are monsters nearby!
You are too injured to fight recklessly!
There are monsters nearby!
You are too injured to fight recklessly!
You are too injured to fight recklessly!
You feel very mighty all of a sudden.
The orc priest hits you but does no damage.
Your shield prevents you from hitting the orc priest.
The orc priest hits you but does no damage.
Your shield prevents you from hitting the orc.
Your chain mail prevents you from hitting the orc priest.
You closely miss the orc. You block the orc priest's attack.
The orc hits you but does no damage. x2; You block the orc priest's attack.
You slash the orc priest!
The orc priest is severely wounded.
You hit the orc. You slash the orc!
You kill the orc!
The orc hits you with a +0 short sword. You block the orc priest's attack.
The orc priest looks satisfied for a moment.
The orc hits you with a +0 short sword.
Your Axes skill increases to level 3!
You closely miss the orc priest.
The orc priest is severely wounded.
You barely miss the orc. The orc priest hits you with a +0 mace.
You block the orc's attack. You block the orc priest's attack.
The orc priest hits you with a +0 war axe.
* * * LOW HITPOINT WARNING * * *
The orc hits you but does no damage.
You hit the orc priest.
The orc priest is almost dead.
You barely miss the orc priest. You hit the orc.
You kill the orc!
The orc priest invokes the aid of Beogh against you.
Pain shoots through your body!
* * * LOW HITPOINT WARNING * * *
You block the orc priest's attack.
The orc priest calls down the wrath of Beogh upon you.
Beogh smites you!
You die...

......>..≈≈≈≈≈#
..........≈≈≈.##..
.......[....# #..
.........##.# #.#
#####.......#.##.##
..............##..##
<.###.#..##.####...####.
.........##.# #oo......
..##........# #@)####..
........###.# #........
###.........# ##.#######
# #...#########.......#
. #...# #......#.#
.##...# #...##.#
..#...########......#
............##......#
......[.........##.....


You could see 2 orc priests.

Vanquished Creatures
  Crazy Yiuf (D:2)
  4 adders
  2 worms (D:2)
  2 orcs (D:3)
  5 ball pythons
  3 bats
  7 endoplasms
  3 giant cockroaches
  4 goblins
  8 hobgoblins
  2 quokkas
  8 frilled lizards
  5 rats
54 creatures vanquished.

Notes
Turn   | Place    | Note
-------+----------+-------------------------------------------
     0 | D:1      | Sin92 the Demonspawn Fighter began the quest for the Orb.
     0 | D:1      | Reached XP level 1. HP: 18/18 MP: 1/1
   285 | D:1      | Gained mutation: You are partially covered in thin metallic
                  | scales. (AC +2) [demonic ancestry]
   285 | D:1      | Reached XP level 2. HP: 21/24 MP: 2/2
   467 | D:1      | Found a faded altar of an unknown god.
  1006 | D:2      | Gained mutation: Spells you cast may paralyse adjacent
                  | enemies. [demonic ancestry]
  1006 | D:2      | Reached XP level 3. HP: 29/29 MP: 3/3
  1154 | D:2      | Found a shadowy altar of Dithmenos.
  1313 | D:2      | Found a runed translucent door.
  1314 | D:2      | Noticed Crazy Yiuf
  1870 | D:2      | Killed Crazy Yiuf
  1871 | D:2      | Reached skill level 1 in Dodging
  1871 | D:2      | Reached XP level 4. HP: 35/35 MP: 4/4
  2187 | D:3      | Found Hentaynk's Book Boutique.
  2395 | D:3      | Found Kyajan's Assorted Antiques.
  2582 | D:3      | Killed from afar by an orc priest

Illustrated notes

Levels and vault maps discovered:
D:1:      lightli_arrival_quake, layout_loops_ring,
          ebering_ecumenical_altar_abandoned
D:2:      layout_loops_ring, basic_altar, uniq_crazy_yiuf_cottage
D:3:      layout_loops_cross, gammafunk_temple_overflow_claw, serial_shops,
          shop_statue, nicolae_shop_waterfront, nicolae_lakefront_shop, shop

Skill      XL: |  1  2  3  4 |
---------------+-------------+-----
Axes           | 2 3 |  3.0
Shields        | 3 |  3.2
Armour         | 3 |  3.1
Dodging        | 1 |  1.3
Fighting       | |  3.6

Action                   |  1- 3 |  4- 6 || total
-------------------------+-------+-------++-------
Melee: War axe           |   109 |    51 ||   160
  Use: Potion            |       |     1 ||     1
Armor: Scale mail        |    36 |    19 ||    55
       Chain mail        |       |    14 ||    14
Dodge: Dodged            |    46 |    18 ||    64
Block: Kite shield       |    66 |    33 ||    99
